 Dungeon Crawl Stone Soup version 0.22-a0-253-gf9d0ce5 (webtiles) character file.

2949 kuniqs the Covered (level 9, -1/82 HPs)
             Began as a Deep Dwarf Fighter on Mar 3, 2018.
             Was a Believer of Makhleb.
             Slain by a two-headed ogre
             ... wielding a +0 giant spiked club
              (7 damage)
             ... on level 8 of the Dungeon.
             The game lasted 00:07:19 (4941 turns).

kuniqs the Covered (Deep Dwarf Fighter)             Turns: 4941, Time: 00:07:19

Health: -1/82      AC: 11    Str: 24    XL:     9   Next: 51%
Magic:  6/6        EV: 12    Int:  8    God:    Makhleb [**....]
Gold:   397        SH: 12    Dex: 15    Spells: 8/8 levels left

rFire    + . .     SeeInvis .   y - +4 dagger of the Wasp {pierce, rF+ Dex+3}
rCold    . . .     Gourm    .   c - +1 shield
rNeg     . . .     Faith    .   b - +0 scale mail
rPois    .         Spirit   .   n - +0 helmet
rElec    .         Reflect  .   (no cloak)
rCorr    .         Harm     .   t - +0 pair of gloves
MR       +....                  r - +0 pair of boots
Stlth    ..........             (no amulet)
HPRegen  0.00/turn              (no ring)
MPRegen  0.10/turn              (no ring)

@: lethally poisoned (-1 -> -1), non-regenerating
A: damage resistance, heal wounds, sense surroundings 2, no regeneration
a: Heal Wounds, Minor Destruction, Renounce Religion


You were on level 8 of the Dungeon.
You worshipped Makhleb.
Makhleb was pleased with you.
You were hungry.

You visited 1 branch of the dungeon, and saw 8 of its levels.

You collected 397 gold pieces.

Inventory:

Hand Weapons
 a - a +0 war axe
 x - a +3 flail of draining
 y - the +4 dagger of the Wasp (weapon) {pierce, rF+ Dex+3}
   (You found it on level 4 of the Dungeon)

   It inflicts extra damage upon your enemies.
   It affects your dexterity (+3).
   It protects you from fire.
Armour
 b - a +0 scale mail (worn)
 c - a +1 shield (worn)
 n - a +0 helmet (worn)
 r - a +0 pair of boots (worn)
 t - a +0 pair of gloves (worn)
Jewellery
 m - an uncursed ring of magical power {unknown}
 o - an uncursed ring of poison resistance {unknown}
 q - a +2 ring of intelligence {unknown}
Wands
 w - a wand of paralysis (13)
 E - a wand of iceblast (13)
Scrolls
 g - 4 scrolls of amnesia {unknown}
 h - 2 scrolls of teleportation
 i - 3 scrolls of enchant weapon
 j - 2 scrolls of enchant armour
 k - 3 scrolls of remove curse {@r2}
 l - a scroll of blinking {unknown}
 p - 5 scrolls of identify {unknown}
 s - a scroll of noise {unknown}
 z - a scroll of random uselessness {unknown}
 A - a scroll of immolation {unknown}
Potions
 d - a potion of might
 e - a potion of curing {@q1}
 u - a potion of haste
 B - a potion of agility {unknown}
 C - a potion of mutation {unknown}
 D - a potion of magic {unknown}
 F - 2 potions of heal wounds {unknown}
 G - a potion of ambrosia {unknown}
Comestibles
 f - 15 rations
 v - 3 chunks of flesh


   Skills:
 + Level 5.8 Fighting
 + Level 6.4 Axes
 + Level 7.1 Armour
 + Level 5.9 Dodging
 + Level 6.9 Shields
 + Level 5.3 Invocations


You had 8 spell levels left.
You didn't know any spells.

Dungeon Overview and Level Annotations

Branches:
Dungeon (8/15)             Temple (0/1) D:6
   Lair: D:8-11

Altars:
Ashenzari
Dithmenos
Kikubaaqudgha
Makhleb
Qazlal
Sif Muna
Vehumet
Zin
The Shining One


Innate Abilities, Weirdness & Mutations

You are resistant to damage.
You can heal yourself by infusing magical energy.
You passively map the area around you.
You do not regenerate.


Message History

The throwing net barely misses the two-headed ogre.
You block the killer bee zombie's attack.
The two-headed ogre barely misses you.
The two-headed ogre hits you with a giant club!
You block the killer bee zombie's attack.
You hit the two-headed ogre.
You block the killer bee zombie's attack.
The two-headed ogre barely misses you.
The two-headed ogre hits you with a giant club!
You hit the two-headed ogre. The killer bee zombie misses you.
The killer bee zombie barely misses you.
The two-headed ogre hits you with a giant spiked club!!
You block the two-headed ogre's attack.
You hit the two-headed ogre but do no damage.
You block the killer bee zombie's attack.
The killer bee zombie barely misses you.
The two-headed ogre hits you with a giant spiked club!!
* * * LOW HITPOINT WARNING * * *
The two-headed ogre hits you with a giant club!
You die...

#### * * #.. , #Z#
* *** , #@# * #O#
##+ * #Y######...
, ,
*#######ZY........
..)...YY........!
,* ,
.................
...............#+
** , ** *
..........<....#,
* , ,
,.................
,,,,


You could see a two-headed ogre, 4 yaks, a bullfrog zombie and a killer bee
zombie.

Vanquished Creatures
  Grinder (D:4)
  A hippogriff (D:7)
  Edmund (D:4)
  A sky beast (D:6)
  2 ice beasts (D:6)
  A black bear (D:7)
  2 ogres (D:5)
  A phantom (D:7)
  A centaur (D:6)
  A big kobold (D:7)
  3 bullfrogs
  A scorpion (D:6)
  3 killer bees (D:7)
  6 crimson imps
  9 orc wizards
  2 orc priests
  3 hounds
  3 jellies
  2 centaur skeletons
  5 iguanas
  6 worker ants
  A killer bee zombie (D:6)
  A hound zombie (D:7)
  A worker ant zombie (D:7)
  3 gnolls (D:2)
  10 adders
  2 adder skeletons
  An adder zombie (D:5)
  4 worms
  A dart slug (D:2)
  8 leopard geckos
  26 orcs
  5 giant cockroaches
  4 goblins
  4 hobgoblins
  12 jackals
  13 kobolds
  3 bats
  5 frilled lizards (D:3)
  13 rats
172 creatures vanquished.

Notes
Turn   | Place    | Note
-------+----------+-------------------------------------------
     0 | D:1      | kuniqs the Deep Dwarf Fighter began the quest for the Orb.
     0 | D:1      | Reached XP level 1. HP: 20/20 MP: 1/1
   302 | D:1      | Reached XP level 2. HP: 27/27 MP: 2/2
   702 | D:2      | Reached skill level 1 in Dodging
   714 | D:2      | Reached XP level 3. HP: 24/33 MP: 1/1
   759 | D:2      | Found a shattered altar of Ashenzari.
   804 | D:2      | Noticed a fire elemental
   806 | D:2      | Found a stormy altar of Qazlal.
   808 | D:2      | Noticed an air elemental
   827 | D:2      | Found a glowing golden altar of the Shining One.
   895 | D:2      | Reached XP level 4. HP: 26/42 MP: 2/2
  1521 | D:2      | Noticed a water elemental
  1521 | D:2      | Noticed an earth elemental
  1686 | D:3      | Found a glowing silver altar of Zin.
  1739 | D:3      | Reached skill level 4 in Armour
  1758 | D:3      | Reached XP level 5. HP: 37/49 MP: 3/3
  2406 | D:4      | Found a shadowy altar of Dithmenos.
  2415 | D:4      | Noticed Edmund
  2436 | D:4      | Killed Edmund
  2436 | D:4      | Reached XP level 6. HP: 45/57 MP: 4/4
  2565 | D:4      | Got a bone dagger
  2573 | D:4      | Identified the +4 dagger of the Wasp {pierce, rF+ Dex+3} (You found it on level 4 of the Dungeon)
  2660 | D:4      | Noticed Grinder
  2685 | D:4      | Killed Grinder
  2685 | D:4      | Reached skill level 5 in Armour
  2685 | D:4      | Reached XP level 7. HP: 50/64 MP: 4/4
  2844 | D:5      | Entered Level 5 of the Dungeon
  2855 | D:5      | Reached skill level 5 in Shields
  2867 | D:5      | Found a burning altar of Makhleb.
  2893 | D:5      | Became a worshipper of Makhleb the Destroyer
  3006 | D:5      | Reached skill level 1 in Invocations
  3181 | D:5      | Reached XP level 8. HP: 65/73 MP: 5/5
  3321 | D:5      | Reached skill level 5 in Axes
  3445 | D:6      | Reached * piety under Makhleb
  3598 | D:6      | Reached skill level 5 in Fighting
  3598 | D:6      | Reached skill level 6 in Armour
  3677 | D:6      | Reached skill level 5 in Dodging
  3911 | D:6      | Found a staircase to the Ecumenical Temple.
  4115 | D:6      | Found a deep blue altar of Sif Muna.
  4129 | D:6      | Found an ancient bone altar of Kikubaaqudgha.
  4149 | D:6      | Found a radiant altar of Vehumet.
  4157 | D:6      | Gained mutation: You passively map the area around you. [Deep Dwarf growth]
  4157 | D:6      | Reached XP level 9. HP: 81/81 MP: 7/7
  4292 | D:7      | Reached ** piety under Makhleb
  4707 | D:7      | Reached skill level 5 in Invocations
  4731 | D:7      | Reached skill level 7 in Armour
  4886 | D:8      | Noticed a two-headed ogre
  4894 | D:8      | Noticed a gargoyle
  4898 | D:8      | HP: 2/82 [gnoll sergeant/spear (8)]
  4917 | D:8      | Noticed a two-headed ogre
  4941 | D:8      | Slain by a two-headed ogre

Vault maps used:
D:1:      saegor_arrival_under_anarchy
D:2:      old_standard_altar, tso_altar, nicolae_qazlal_style_of_elements,
          minmay_pentomino_u4
D:3:      nicolae_overflow_crystal_walls, first_ration, grunt_ministairs_2
D:4:      old_standard_altar, corexii_shack, uniq_grinder, uniq_edmund
D:5:      lemuel_round_altar, serial_corexii_hall, corexii_hall_statues_l,
          corexii_hall_statues_i
D:6:      palyth_temple_overflow_mages, minmay_temple_entry_mist
D:8:      minmay_four_partial_circles, lemuel_crystal_altar,
          kennysheep_mini_moat, david_nohive_1

Skill      XL: |  1  2  3  4  5  6  7  8  9 |
---------------+----------------------------+-----
Dodging        | 1 2 3 4 5 |  5.9
Fighting       | 3 4 5 |  5.8
Axes           | 3 4 5 6 |  6.4
Armour         | 4 5 6 7 |  7.1
Shields        | 4 5 6 |  6.9
Invocations    | 2 4 5 |  5.3

Action                   |  1- 3 |  4- 6 |  7- 9 || total
-------------------------+-------+-------+-------++-------
Melee: War axe           |    65 |   164 |     7 ||   236
       Dagger            |       |    23 |   548 ||   571
       Flail             |       |     4 |       ||     4
Throw: Throwing net      |       |       |     2 ||     2
 Abil: Heal Wounds       |     3 |     4 |    16 ||    23
  Use: Scroll            |       |     3 |     3 ||     6
 Stab: Held in net/web   |       |       |     2 ||     2
  Eat: Chunk             |       |     6 |     8 ||    14
Armor: Scale mail        |    31 |    73 |   264 ||   368
Dodge: Dodged            |    32 |    72 |   331 ||   435
Block: Shield            |    47 |   105 |   416 ||   568

Table legend:
 A = Spawn XP
 B = Non-spawn XP
 C = Spawn XP percentage of total XP
 D = Spawn monster count
 E = Non-spawn monster count
 F = Spawn count percentage of total count
 G = Total turns spent on level
                    A         B        C        D         E        F      G
               +---------+---------+-------+---------+---------+-------+---------
         Total |       0 |    4213 |   0.0 |       0 |     172 |   0.0 |  4941
               +---------+---------+-------+---------+---------+-------+---------
           D:1 |       0 |      15 |   0.0 |       0 |      10 |   0.0 |   692
           D:2 |       0 |     101 |   0.0 |       0 |      22 |   0.0 |   839
           D:3 |       0 |     123 |   0.0 |       0 |      30 |   0.0 |   636
           D:4 |       0 |     634 |   0.0 |       0 |      18 |   0.0 |   677
           D:5 |       0 |     759 |   0.0 |       0 |      23 |   0.0 |   568
           D:6 |       0 |    1183 |   0.0 |       0 |      35 |   0.0 |   874
           D:7 |       0 |    1167 |   0.0 |       0 |      27 |   0.0 |   571
           D:8 |       0 |     231 |   0.0 |       0 |       7 |   0.0 |    84
               +---------+---------+-------+---------+---------+-------+---------
